 Dungeon Crawl Stone Soup version 0.24.0-13-gcf9b319 (webtiles) character file.

Game seed: 16236372473279597810, levelgen mode: deterministic

21 Fortress the Vexing (level 2, 0/27 HPs)
             Began as an Ogre Arcane Marksman on Jan 13, 2020.
             Slain by Sigmund
             ... wielding a +3 scythe of slicing
              (1 damage)
             ... on level 2 of the Dungeon.
             The game lasted 00:04:12 (977 turns).

Fortress the Vexing (Ogre Arcane Marksman)           Turns: 977, Time: 00:04:15

Health: 0/27       AC:  3    Str: 13    XL:     2   Next: 83%
Magic:  3/3        EV: 10    Int: 14    God:
Gold:   20         SH:  0    Dex:  9    Spells: 2/3 levels left

rFire    . . .     SeeInvis .   l - +2 rapier (freeze)
rCold    . . .     Gourm    .   (no shield)
rNeg     . . .     Faith    .   a - +0 robe
rPois    .         Spirit   .   (helmet restricted)
rElec    .         Reflect  .   (no cloak)
rCorr    .         Harm     .   (gloves unavailable)
MR       .....                  (boots unavailable)
Stlth    +.........             (no amulet)
HPRegen  0.09/turn              (no ring)
MPRegen  0.08/turn              (no ring)

@: confused
A: large, unfitting armour, tough skin 1
a: no special abilities


You were on level 2 of the Dungeon.
You were not hungry.

You visited 1 branch of the dungeon, and saw 2 of its levels.

You collected 20 gold pieces.

Inventory:

Hand Weapons
 c - a +0 hand axe of electrocution
 l - a +2 rapier of freezing (weapon)
Missiles
 d - a throwing net (quivered)
Armour
 a - a +0 robe (worn)
Scrolls
 i - a scroll of identify {unknown}
Potions
 b - a potion of ambrosia {unknown}
 g - a potion of flight {unknown}
 h - a potion of lignification {unknown}
 j - a potion of invisibility {unknown}
 k - 2 potions of curing {unknown}
Comestibles
 f - 3 rations


   Skills:
 + Level 1.3 Fighting
 + Level 2.2 Throwing
 + Level 1.8 Dodging
 + Level 1.2 Spellcasting
 + Level 3.4 Hexes


You had 2 spell levels left.
You knew the following spells:

 Your Spells              Type           Power        Failure   Level  Hunger
a - Corona                Hex            ##.....      6%          1    ##.....

Your spell library contained the following spells:

 Spells                   Type           Power        Failure   Level  Hunger
 Slow                     Hex            ##......     10%         2    ###....
 Inner Flame              Hex/Fire       #.......     36%         3    ####...
 Portal Projectile        Hex/Tloc       #.....       36%         3    ####...
 Cause Fear               Hex            ##........   54%         4    #####..
 Leda's Liquefaction      Hex/Erth       #.........   77%         4    #####..


Dungeon Overview and Level Annotations

Branches:
Dungeon (2/15)

Altars:
Gozag
Trog

Annotations:
D:2 Sigmund


Innate Abilities, Weirdness & Mutations

You are too large for most types of armour.
You have tough skin. (AC +1)


Message History

Throwing (i - inventory. (/) - cycle)
e - a large rock (quivered)
Press: ? - help, Shift-Dir - straight line, f/p - Sigmund
Aim: Sigmund, wielding a +3 scythe of slicing, wearing a +0 robe and carrying a wand of random effects (12) (severely wounded)
You throw a large rock. The large rock barely misses Sigmund.
Sigmund hits you from afar with a +3 scythe of slicing.
* * * LOW HITPOINT WARNING * * *
x2 Really walk into a travel-excluded area?
Sigmund points at you and mumbles some strange words.
You are confused.
You bump into the rock wall.
Sigmund closely misses you.
You closely miss Sigmund.
Sigmund is severely wounded.
You closely miss Sigmund.
Sigmund is severely wounded.
Sigmund casts a spell at you. The magic dart hits you.
* * * LOW HITPOINT WARNING * * *
Sigmund hits you with a +3 scythe of slicing.
* * * LOW HITPOINT WARNING * * *
You die...

#โ‰ˆ #.#.
##โ‰ˆ. #...
#######ยงโ‰ˆ.
#...
#.........#
######..
#.####.##..##
#.......
#.####.###$(#
#.......
#.##.....##.#
#.......
#.#.8...8.#@#
#.......
#.#.......#@#
#.......
#....._.....#
#.......
###.......###
#.......
#.8...8.#
####....
##.....##
#.##.
###.####
#.##. #....#
#.##. #..###
#.##. ##.#
#.##.


You could see Sigmund.

Vanquished Creatures
  A leopard gecko (D:1)
  5 giant cockroaches
  A goblin (D:1)
  A hobgoblin (D:1)
  A kobold (D:1)
  A bat (D:1)
  4 frilled lizards
  6 rats
20 creatures vanquished.

Notes
Turn   | Place    | Note
-------+----------+-------------------------------------------
     0 | D:1      | Fortress the Ogre Arcane Marksman began the quest for the
                  | Orb.
     0 | D:1      | Reached XP level 1. HP: 19/19 MP: 2/2
    81 | D:1      | Reached skill level 3 in Hexes
   144 | D:1      | Reached XP level 2. HP: 24/27 MP: 3/3
   484 | D:2      | Found an opulent altar of Gozag.
   493 | D:2      | Noticed Sigmund
   555 | D:2      | Found a bloodstained altar of Trog.
   977 | D:2      | HP: 1/27 [Sigmund/+3 scythe of slicing (2)]
   977 | D:2      | Slain by Sigmund

Levels and vault maps discovered:
D:1:      saegor_arrival_miasma, layout_loops_ring
D:2:      layout_loops_ring, bloody_trog, lightli_temple_of_fire,
          grunt_gozag_statues, first_ration, uniq_sigmund

Skill      XL: |  1 |
---------------+----+-----
Hexes          | 3 |  3.4
Fighting       | |  1.3
Throwing       | |  2.2
Dodging        | |  1.8
Spellcasting   | |  1.2

Action                   || total
-------------------------++-------
Melee: Unarmed           ||    11
       Hand axe          ||    15
       Rapier            ||     4
Throw: Large rock        ||    26
       Throwing net      ||     3
 Stab: Held in net/web   ||     1
Armor: Robe              ||    10
Dodge: Dodged            ||    20
